 Dungeon Crawl Stone Soup version 0.30-a0-141-g30f27751c5 (webtiles) character file.

Game seed: 16805879467583396330

3 qw the Shield-Bearer (level 1, 0/14 HPs)
             Began as a Gargoyle Fighter on Sept 25, 2022.
             Frozen to death by an endoplasm (5 damage)
             ... on level 1 of the Dungeon.
             The game lasted 00:00:01 (75 turns).

qw the Shield-Bearer (Gargoyle Fighter)               Turns: 75, Time: 00:00:02

Health: 0/14       AC:  9    Str: 19    XL:     1   Next: 50%
Magic:  1/1        EV:  9    Int:  8    God:
Gold:   0          SH:  4    Dex:  9    Spells: 0/0 levels left

rFire   . . .      SeeInvis .    a - +0 war axe
rCold   . . .      Faith    .    c - +0 buckler
rNeg    + . .      Spirit   .    b - +0 scale mail
rPois   inf        Reflect  .    (no helmet)
rElec   +          Harm     .    (no cloak)
rCorr   .          Rampage  .    (no gloves)
Will    .....                    (no boots)
Stlth   ..........               (no amulet)
HPRegen 0.04/turn                (no ring)
MPRegen 0.07/turn                (no ring)

@: no status effects
A: sickness immunity, AC +2, negative energy resistance 1, electricity
resistance, torment resistance 1, petrification resistance
a: no special abilities


You were on level 1 of the Dungeon.
You visited 1 branch of the dungeon, and saw 1 of its levels.


Innate Abilities, Weirdness & Mutations

You are immune to sickness and miasma.
Your stone body is resilient. (AC +2)
You are immune to poison.
You resist negative energy. (rN+)
You are resistant to electric shocks. (rElec)
You are resistant to unholy torment.
You are immune to petrification.


   Skills:
 - Level 3.2 Fighting
 + Level 2.1 Axes
 - Level 3.2 Armour
 - Level 3.2 Shields


You couldn't memorise any spells.
You didn't know any spells.
Your spell library was empty.

Inventory:

Hand Weapons
 a - a +0 war axe (weapon)
Armour
 b - a +0 scale mail (worn)
 c - a +0 buckler (worn)
 e - a +0 chain mail
Potions
 d - a potion of might

Dungeon Overview and Level Annotations

Branches:
Dungeon (1/15)

Altars:

Shops:
D:1 (


Message History

There is an entrance to Gekh's Weapon Shop here.
55 ||| SHOPLISTING +0 club (10 gold, have 0).
You can access your shopping list by pressing '$'.
55 ||| SHOPLISTING +0 whip (25 gold, have 0).
You can access your shopping list by pressing '$'.
An endoplasm, a ball python and a goblin come into view.
The endoplasm quivers.
The ball python hisses angrily.
The ball python bites you but does no damage.
The ball python grabs you. The ball python constricts you.
You closely miss the ball python.
The ball python bites you but does no damage.
The ball python constricts you.
You closely miss the ball python. You block the ball python's attack.
The ball python constricts you. The ball python barely misses you.
The ball python constricts you.
You barely miss the ball python. You closely miss the goblin.
The ball python bites you. The ball python constricts you.
The goblin hits you but does no damage.
The ball python bites you but does no damage.
The ball python constricts you.
You barely miss the ball python. You closely miss the goblin.
The goblin hits you but does no damage. You block the ball python's attack.
The ball python constricts you. You block the goblin's attack.
The ball python bites you. The ball python constricts you.
You barely miss the ball python. You closely miss the goblin.
The ball python bites you but does no damage.
The ball python constricts you. The goblin hits you with a +0 dagger.
The ball python bites you. The ball python constricts you.
You closely miss the ball python. You hit the goblin.
You kill the goblin!
You block the ball python's attack. The ball python constricts you.
Your Axes skill increases to level 2!
You slash the ball python!
You kill the ball python!
You hit the endoplasm.
The endoplasm is severely wounded.
The endoplasm freezes you.
You are frozen.
You die...

##...#..########
....>..(.#....... ..
###.....#.#..####...#
##.#.#...#........#
#..#..\..#.####..
#...#...#..# .#
#....#.#..#####..#
#.....#...##.....#
#.....#....@)....#
###.########J###...
#. .# . .# .. .# ..
..


You could see an endoplasm.

Vanquished Creatures
  A ball python (D:1)
  A goblin (D:1)
  A bat (D:1)
3 creatures vanquished.

Notes
Turn   | Place    | Note
-------+----------+-------------------------------------------
     0 | D:1      | qw the Gargoyle Fighter began the quest for the Orb.
     0 | D:1      | Reached XP level 1. HP: 14/14 MP: 1/1
     0 | D:1      | 0 ||| qw: Version: 0.2-a-10-g399e6c4
     0 | D:1      | 0 ||| qw: Game counter: 275
     0 | D:1      | 0 ||| qw: Always use a shield: true
     0 | D:1      | 0 ||| qw: God list: Okawaru
     0 | D:1      | 0 ||| qw: Allow faded altars: false
     0 | D:1      | 0 ||| qw: Do Orc after D:15 true
     0 | D:1      | 0 ||| qw: Do second Lair branch before Depths: true
     0 | D:1      | 0 ||| qw: Lair rune preference: random
     0 | D:1      | 0 ||| qw: Plans: Normal, Zot:1-4, God:TSO, Crypt, Tomb,
                  | Pan, Slime:5, Hells, Abyss, Orb
     0 | D:1      | 0 ||| PLANNING D:1-11
    47 | D:1      | Found Gekh's Weapon Shop.
    55 | D:1      | 55 ||| SHOPLISTING +0 club (10 gold, have 0).
    55 | D:1      | 55 ||| SHOPLISTING +0 whip (25 gold, have 0).
    75 | D:1      | Frozen to death by an endoplasm

Levels and vault maps discovered:
D:1:      saegor_arrival_simple_b, layout_loops_corners,
          hellmonk_ecumenical_altar_dog_temple, serial_shops,
          nicolae_diamond_shop, item_on_display_a

Skill      XL: |  1 |
---------------+----+-----
Axes           | 2 |  2.1
Fighting       | |  3.2
Armour         | |  3.2
Shields        | |  3.2

Action                   || total
-------------------------++-------
Melee: War axe           ||     9
Armor: Scale mail        ||     6
Dodge: Dodged            ||     1
Block: Buckler           ||     4

Table legend:
 A = Non-vault XP
 B = Vault XP
 C = Vault XP percentage of total XP
 D = Non-vault monster count
 E = Vault monster count
 F = Vault count percentage of total count
                 A         B        C        D         E       F
            +---------+---------+-------+---------+---------+-------
      Total |       5 |       0 |   0.0 |       3 |       0 |   0.0
            +---------+---------+-------+---------+---------+-------
        D:1 |       5 |       0 |   0.0 |       3 |       0 |   0.0
            +---------+---------+-------+---------+---------+-------
